Map: 궤도 조선소

Players

True - Winner!

  • Race: Zerg Zerg
  • League: Grandmaster

MajiNCuE

  • Race: Protoss Protoss
  • League: Silver

Event: Lycan League Weekly August #2

VOD

Have the link to the VOD?

Description

Time

  • Played on: Aug. 10, 2015, 12:25 p.m.
  • Length: 8:15

All games in this series

Show
View Real Time Build Order
Export as new Build Order

True Zerg - Winner!

Build Orders: 3 Hatch before Pool 

Get SALT Encoding   

  12  0:01  Drone  
  13  0:12  Overlord  
  13  0:17  Drone  
  14  0:31  Drone x2  
  16  0:43  Drone  
  17  0:55  Hatchery  
  16  0:59  Drone x2  
  18  1:06  Drone  
  19  1:24  Hatchery  
  18  1:28  Drone  
  18  1:29  Drone  
  20  1:43  Spawning Pool  
  20  1:45  Drone  
  20  1:51  Overlord  
  21  2:01  Drone  
  21  2:06  Extractor  
  21  2:08  Drone  
  21  2:11  Drone  
  22  2:18  Drone  
  23  2:23  Drone  
  24  2:30  Queen x2  
  24  2:32  Overlord  
  24  2:36  Drone  
  29  2:38  Drone  
  29  2:41  Drone  
  29  2:43  Drone  
  32  2:48  Drone  
  34  2:51  Drone  
  34  2:54  Drone  
  34  2:58  Queen  
  37  3:01  Drone  
  37  3:03  Drone  
  37  3:05  Zergling x2  
  40  3:14  Queen  
  40  3:18  Queen  
  44  3:20  Drone x3  
  44  3:25  Overlord  
  44  3:27  Drone x2  
  49  3:30  Drone  
  50  3:39  Overlord  
  50  3:42  Overlord, Queen  
  50  3:43  Drone x3  
  50  3:45  Drone  
  50  3:47  Drone x2  
  58  3:53  Overlord  
  58  3:55  Metabolic Boost  
  58  4:04  Drone x5  
  58  4:08  Drone  
  64  4:14  Drone x11  
  75  4:17  Overlord  
  75  4:21  Overlord  
  75  4:26  Evolution Chamber  
  75  4:27  Overlord, Extractor  
  73  4:33  Extractor  
  73  4:36  Extractor  
  71  4:39  Overlord, Drone x3  
  71  4:42  Drone  
  71  4:43  Drone x5, Extractor  
  71  4:44  Extractor  
  71  4:45  Drone x3  
  80  4:46  Drone x2  
  80  4:47  Drone x2  
  85  5:00  Lair  
  85  5:01  Evolution Chamber  
  84  5:12  Overlord  
  84  5:13  Overlord  
  84  5:14  Overlord  
  84  5:16  Zergling x2  
  84  5:17  Zergling x2  
  86  5:26  Hatchery  
  86  5:28  Zergling x28  
  89  5:29  Zergling x2  
  100  5:36  Zergling x2  
  100  5:37  Zerg Ground Armor Level 1, Zerg Melee Weapons Level 1  
  100  5:40  Overlord  
  101  5:43  Roach Warren  
  101  5:44  Zergling x2  
  101  5:47  Zergling x2  
  101  5:48  Zergling x6  
  105  5:50  Zergling x2  
  105  5:51  Zergling x4  
  105  5:56  Zergling x2  
  109  5:57  Zergling x2  
  109  5:58  Spine Crawler, Zergling x2  
  109  5:59  Spine Crawler  
  109  6:00  Zergling x4  
  109  6:01  Spine Crawler  
  109  6:03  Zergling x2  
  110  6:04  Zergling x2  
  110  6:08  Zergling x2  
  112  6:13  Zergling x2  
  112  6:14  Zergling x2  
  112  6:15  Zergling x4  
  112  6:16  Zergling x2  
  115  6:18  Zergling x2  
  115  6:21  Zergling x2  
  113  6:27  Zergling x4  
  113  6:30  Zergling x2  
  113  6:31  Zergling x4  
  112  6:34  Zergling x4  
  112  6:36  Zergling x8  
  112  6:38  Zergling x2  
  118  6:41  Zergling x2  
  118  6:43  Zergling x2  
  118  6:44  Infestation Pit  
  119  6:49  Zergling x2  
  119  6:52  Zergling x2  
  119  6:54  Zergling x2  
  114  6:56  Zergling x2  
  114  6:58  Zergling x4  
  114  7:00  Zergling x4  
  119  7:01  Zergling x2  
  119  7:08  Zergling x2  
  121  7:10  Zergling x6  
  121  7:11  Zergling x12, Queen x2  
  121  7:12  Queen  
  121  7:15  Zergling x2  
  136  7:16  Spine Crawler  
  136  7:17  Zergling x2  
  136  7:19  Spine Crawler, Queen  
  136  7:21  Spine Crawler, Zergling x6  
  139  7:23  Overlord  
  139  7:26  Zergling x2  
  140  7:30  Zergling x2  
  140  7:31  Zergling x8  
  140  7:34  Zergling x4  
  144  7:37  Zergling x2  
  144  7:39  Zergling x4  
  144  7:41  Zergling x4  
  144  7:42  Zergling x2  
  140  7:44  Zergling x10  
  140  7:46  Zergling x2  
  140  7:51  Zergling x2  
  140  7:54  Zergling x2  
  140  7:55  Zergling x2  
  140  7:57  Zergling x2  
Show
View Real Time Build Order
Export as new Build Order

MajiNCuE Protoss 

Build Orders: 1 Gate Expand, Oracle Opening 

Get SALT Encoding   

  12  0:00  Probe  
  13  0:14  Pylon  
  13  0:17  Probe  
  14  0:32  Probe  
  14  0:34  Gateway  
  15  0:44  Probe  
  15  0:46  Assimilator  
  16  0:56  Probe  
  17  1:06  Pylon  
  17  1:08  Probe  
  18  1:20  Probe  
  19  1:32  Probe  
  20  1:39  Nexus  
  20  1:42  Assimilator  
  20  1:44  Probe (Chrono Boost)  
  21  1:56  Probe (Chrono Boost)  
  21  2:00  Cybernetics Core, Zealot  
  24  2:08  Probe (Chrono Boost)  
  25  2:20  Probe (Chrono Boost)  
  26  2:23  Pylon  
  26  2:27  Probe (Chrono Boost)  
  27  2:39  Stargate  
  27  2:41  Stalker  
  27  2:43  Probe (Chrono Boost)  
  30  2:49  Warp Gate  
  31  2:53  Probe (Chrono Boost)  
  31  2:56  Probe (Chrono Boost)  
  32  3:03  Probe (Chrono Boost)  
  34  3:06  Probe (Chrono Boost)  
  34  3:09  Probe (Chrono Boost)  
  35  3:13  Probe  
  36  3:22  Oracle  
  36  3:23  Probe  
  36  3:25  Probe, Assimilator  
  41  3:27  Assimilator  
  41  3:36  Probe  
  41  3:37  Twilight Council  
  41  3:38  Probe  
  43  3:42  Pylon  
  43  3:48  Probe  
  44  3:50  Probe  
  45  4:00  Probe  
  46  4:09  Probe (Chrono Boost)  
  47  4:12  Probe (Chrono Boost)  
  47  4:13  Gateway  
  47  4:14  Blink (Chrono Boost)  
  47  4:15  Gateway  
  48  4:21  Probe (Chrono Boost)  
  50  4:24  Probe (Chrono Boost)  
  50  4:28  Gateway  
  50  4:30  Gateway  
  50  4:39  Probe x2  
  52  4:51  Gateway  
  52  4:53  Gateway  
  52  5:08  Probe x2  
  54  5:15  Forge  
  54  5:20  Probe  
  54  5:21  Probe  
  56  5:27  Stalker x2  
  60  5:32  Pylon  
  60  5:34  Pylon x2  
  60  5:35  Pylon  
  60  5:50  Mothership Core (Chrono Boost)  
  60  5:52  Stalker x6  
  60  5:53  Stalker  
  76  6:03  Pylon  
  76  6:11  Protoss Ground Weapons Level 1  
  76  6:18  Stalker x2  
  78  6:22  Stalker x3  
  78  6:23  Stalker x2  
  85  6:42  Zealot x3  
  85  6:45  Zealot x2  
  85  6:46  Zealot  
  97  6:49  Zealot  
  95  7:03  Stalker x2  
  95  7:05  Gateway  
  95  7:08  Gateway  
  99  7:12  Pylon  
  99  7:13  Pylon  
  99  7:15  Pylon  
  99  7:29  Pylon  
  99  7:32  Pylon  
  93  7:42  Zealot  
  93  7:43  Zealot x6  

Tags
 
Add a new tag
Caveats
  • Supply blocks, unpowered buildings, or Contaminate may cause inaccurate times.
  • Supply counts are checked every 10 seconds.